 Dungeon Crawl Stone Soup version 0.23.2 (webtiles) character file.

Game seed: 6791087210926576805

139 Peloso the Covered (level 5, -5/46 HPs)
             Began as a Minotaur Fighter on Apr 9, 2019.
             Slain by Sigmund
             ... wielding a +0 scythe
              (8 damage)
             ... on level 3 of the Dungeon.
             The game lasted 00:04:53 (1560 turns).

Peloso the Covered (Minotaur Fighter)               Turns: 1560, Time: 00:04:53

Health: -5/46      AC:  7    Str: 23 (25) XL:     5   Next: 1%
Magic:  4/4        EV:  8    Int:  3 (5)  God:
Gold:   62         SH:  0    Dex:  9 (11) Spells: 4/4 levels left

rFire    . . .     SeeInvis .   a - +0 long sword
rCold    . . .     Gourm    .   c - +0 shield
rNeg     . . .     Faith    .   b - +0 scale mail
rPois    .         Spirit   .   (helmet restricted)
rElec    .         Reflect  .   (no cloak)
rCorr    .         Harm     .   (no gloves)
MR       .....                  (no boots)
Stlth    ..........             (no amulet)
HPRegen  0.15/turn              e - ring of flight
MPRegen  0.09/turn              (no ring)

@: confused, mighty
A: retaliatory headbutt, horns 2
a: Evoke Flight


You were on level 3 of the Dungeon.
You were hungry.

You visited 1 branch of the dungeon, and saw 3 of its levels.

You collected 62 gold pieces.

Inventory:

Hand Weapons
 a - a +0 long sword (weapon)
Armour
 b - a +0 scale mail (worn)
 c - a +0 shield (worn)
Jewellery
 e - a ring of flight (left hand)
Wands
 r - a wand of paralysis (14)
Scrolls
 g - a scroll of random uselessness {unknown}
 h - a scroll of remove curse {unknown}
 i - 3 scrolls of identify {unknown}
 j - 2 scrolls of enchant armour {unknown}
 l - a scroll of immolation {unknown}
 n - a scroll of enchant weapon {unknown}
 o - a scroll of teleportation {unknown}
 t - a scroll of fog {unknown}
Potions
 d - a potion of might
 p - a potion of haste {unknown}
 q - a potion of magic {unknown}
 s - a potion of cancellation {unknown}
Comestibles
 f - 5 rations


   Skills:
 + Level 4.2 Fighting
 + Level 4.3 Long Blades
 + Level 4.7 Armour
 + Level 0.5 Dodging
 + Level 4.4 Shields


You had 4 spell levels left.
You didn't know any spells.
Your spell library contained the following spells:

 Spells                   Type           Power        Failure   Level  Hunger
 Confusing Touch          Hex            #.....       99%         1    ##.....
 Confuse                  Hex            #.......     100%        3    ####...
 Gell's Gravitas          Tloc           #.........   100%        3    ####...
 Petrify                  Tmut/Erth      #.......     100%        4    #####..
 Metabolic Englaciation   Hex/Ice        #.........   100%        5    ######.
 Yara's Violent Unravell  Hex/Tmut       #.........   100%        5    ######.


Dungeon Overview and Level Annotations

Branches:
Dungeon (3/15)

Altars:
Dithmenos
Qazlal
Sif Muna
Trog

Annotations:
D:3 Sigmund


Innate Abilities, Weirdness & Mutations

You reflexively headbutt those who attack you in melee.
You have a pair of horns on your head.


Message History

Something tries to affect you, but you resist.
You miss something. Something hits you but does no damage.
You closely miss something. Your headbutt misses something. Something hits you.
You barely miss something.
Your shield prevents you from hitting something.
Your headbutt misses something.
You hear some strange, mumbled words.
You are confused.
Something hits you!
* * * LOW HITPOINT WARNING * * *
You barely miss something. Your headbutt misses something.
Your shield and scale mail prevent you from hitting something.
Something hits you but does no damage.
You bump into the rock wall.
You hear some strange, mumbled words.
A magic dart appears from out of thin air!
The magic dart hits you.
* * * LOW HITPOINT WARNING * * *
Something hits you!
You die...

...##.#####
#............
...#..#
#......_.#...
...#.##
#.........#
...#.#
#._..⌠....#
####(#
##...!.....#
#.#
#.........##
##.#
#{#..._...#
##..#
#)###...###
#..##
#?@........
##†##
###.....(...
#..#
#...?......
..##
#..(.......
###
#..........
#........
#########


There were no monsters in sight!

Vanquished Creatures
  Robin (D:2)
  3 adders (D:2)
  2 oozes (D:2)
  3 worms
  3 dart slugs (D:2)
  2 leopard geckos
  2 orcs (D:3)
  2 giant cockroaches (D:2)
  16 goblins
  10 hobgoblins
  6 kobolds (D:1)
  A quokka (D:2)
  7 bats
  7 frilled lizards
  6 rats
71 creatures vanquished.

Notes
Turn   | Place    | Note
-------+----------+-------------------------------------------
     0 | D:1      | Peloso the Minotaur Fighter began the quest for the Orb.
     0 | D:1      | Reached XP level 1. HP: 19/19 MP: 0/0
   243 | D:1      | Reached XP level 2. HP: 27/27 MP: 1/1
   812 | D:2      | Reached XP level 3. HP: 24/33 MP: 2/2
  1098 | D:2      | Reached XP level 4. HP: 40/40 MP: 3/3
  1277 | D:2      | Noticed Robin
  1290 | D:2      | Killed Robin
  1340 | D:2      | Found a shadowy altar of Dithmenos.
  1512 | D:3      | Found a deep blue altar of Sif Muna.
  1515 | D:3      | Found a bloodstained altar of Trog.
  1515 | D:3      | Found a stormy altar of Qazlal.
  1528 | D:3      | Noticed Sigmund
  1530 | D:3      | Reached XP level 5. HP: 40/46 MP: 4/4
  1560 | D:3      | Slain by Sigmund

Skill      XL: |  1  2  3  4 |
---------------+-------------+-----
Shields        | 4 |  4.4
Armour         | 4 |  4.7
Fighting       | 4 |  4.2
Long Blades    | 3 4 |  4.3
Dodging        | |  0.5

Action                   |  1- 3 |  4- 6 || total
-------------------------+-------+-------++-------
Melee: Long sword        |   112 |    87 ||   199
       Headbutt          |     9 |    14 ||    23
  Use: Potion            |       |     4 ||     4
  Eat: Chunk             |       |     2 ||     2
Armor: Scale mail        |    46 |    65 ||   111
Dodge: Dodged            |    28 |    34 ||    62
Block: Shield            |    66 |    57 ||   123
       Rpst.: Long sword |     8 |    10 ||    18
